 Dungeon Crawl Stone Soup version 0.29-a0-643-ga013cefcf8 (webtiles) character file.

Game seed: 1887961944337965492

14400 avis the Marksdemigod (level 11, -9/84 HPs)
             Began as a Demigod Ice Elementalist on June 19, 2022.
             Mangled by a minotaur
             ... wielding a +4 vampiric halberd
              (28 damage)
             ... in a Gauntlet on June 20, 2022.
             The game lasted 01:51:15 (14395 turns).

avis the Marksdemigod (Demigod Ice Elementalist)   Turns: 14395, Time: 01:51:15

Health: -9/84      AC: 17    Str: 11    XL:     11   Next: 58%
Magic:  0/19       EV: 16    Int: 19    God:
Gold:   598        SH:  0    Dex: 32    Spells: 10/16 levels left

rFire   . . .      SeeInvis +   b - +1 longbow (vorpal)
rCold   . . .      Faith    .   (shield currently unavailable)
rNeg    . . .      Spirit   +   h - +2 robe {Will+}
rPois   +          Reflect  .   j - +0 hat {SInv}
rElec   .          Harm     .   c - +1 cloak
rCorr   .          Rampage  .   x - +0 pair of gloves
Will    ++...      NoTele   +   z - +2 pair of boots
Stlth   +++.......              d - amulet of Nipn {Spirit Str+2 Int+2}
HPRegen 0.24/turn               A - ring of poison resistance
MPRegen 0.16/turn               v - +6 ring of dexterity

@: ice-armoured, hasted, very quick
A: high MP 1, forlorn, divine attributes
a: no special abilities


You were in a Gauntlet.
You visited 3 branches of the dungeon, and saw 12 of its levels.
You also visited: Gauntlet.

You collected 788 gold pieces.
You spent 190 gold pieces at shops.

Inventory:

Hand Weapons
 b - a +1 vorpal longbow (weapon)
 w - a +4 scimitar of freezing
 U - a +2 dagger of venom
Missiles
 y - 2 throwing nets
Armour
 c - a +1 cloak (worn)
 h - a +2 robe of willpower (worn)
 j - a +0 hat of see invisible (worn)
 x - a +0 pair of gloves (worn)
 z - a +2 pair of boots (worn)
Jewellery
 a - a +4 ring of protection
 d - the amulet of Nipn (around neck) {Spirit Str+2 Int+2}
   (You found it in a Gauntlet)

   [amulet of guardian spirit]

   It causes incoming damage to be divided between your reserves of health and
   magic.
   Str:       It affects your strength (+2).
   Int:       It affects your intelligence (+2).
 f - the amulet of Ituhal {RegenMP Harm Int+3}
   (You found it in a Gauntlet)

   [amulet of magic regeneration]

   It increases your rate of magic regeneration.
   Int:       It affects your intelligence (+3).
   Harm:      It increases damage dealt and taken.
 v - a +6 ring of dexterity (right hand)
 A - a ring of poison resistance (left hand)
 O - a ring of see invisible
Wands
 E - a wand of polymorph (16)
 G - a wand of iceblast (18)
 I - a wand of mindburst (22)
 M - a wand of paralysis (10)
Scrolls
 e - a scroll of fear
 g - 4 scrolls of teleportation
 i - a scroll of magic mapping
 n - a scroll of blinking
Potions
 k - 2 potions of flight
 m - 2 potions of magic
 o - a potion of brilliance
 p - a potion of invisibility
 q - a potion of ambrosia
 D - a potion of resistance
 H - 2 potions of heal wounds
 J - a potion of berserk rage {unknown}
 L - 2 potions of mutation {unknown}
 Q - a potion of cancellation {unknown}


   Skills:
 - Level 4.0 Fighting
 * Level 15.1 Bows
 - Level 4.0 Dodging
 - Level 3.0 Stealth
 - Level 3.0 Spellcasting
 + Level 1.0 Transmutations
 - Level 7.0 Ice Magic


You had 10 spell levels left.
You knew the following spells:

 Your Spells              Type           Power      Damage    Failure   Level
a - Freeze                Ice            100%       1d11      1%          1
e - Wereblood             Tmut           6%         N/A       16%         2
o - Ozocubu's Armour      Ice            29%        N/A       2%          3

Your spell library contained the following spells:

 Spells                   Type           Power      Damage    Failure   Level
 Frozen Ramparts          Ice            58%        1d7       2%          3
 Ensorcelled Hibernation  Hex/Ice        32%        N/A       5%          2
 Beastly Appendage        Tmut           12%        N/A       10%         1
 Apportation              Tloc           4%         N/A       16%         1
 Necrotize                Necr           8%         1d4       16%         1
 Static Discharge         Conj/Air       2%         N/A       22%         2
 Hailstorm                Conj/Ice       16%        3d6       34%         4
 Spider Form              Tmut/Pois      4%         N/A       36%         3
 Call Canine Familiar     Summ           2%         N/A       41%         3
 Dazzling Flash           Conj/Hex       4%         N/A       41%         3
 Portal Projectile        Hex/Tloc       4%         N/A       41%         3
 Vampiric Draining        Necr           2%         2d6       41%         3
 Anguish                  Hex/Necr       1%         N/A       83%         4
 Iskenderun's Mystic Bla  Conj/Tloc      2%         2d3       83%         4
 Leda's Liquefaction      Hex/Erth       1%         N/A       83%         4
 Freezing Cloud           Conj/Ice/Air   5%         6-21      86%         5
 Alistair's Intoxication  Tmut/Pois      2%         N/A       98%         5
 Agony                    Necr           2%         N/A       99%         5
 Iskenderun's Battlesphe  Conj           2%         2d6       99%         5
 Lightning Bolt           Conj/Air       1%         1d12      99%         5
 Simulacrum               Ice/Necr       8%         N/A       99%         6
 Iron Shot                Conj/Erth      1%         9d1       100%        6
 Starburst                Conj/Fire      1%         6d3       100%        6
 Spellforged Servitor     Conj/Summ      1%         N/A       100%        7
 Maxwell's Capacitive Co  Air            1%         ∞         100%        8
 Polar Vortex             Ice            14%        N/A       100%        9


Dungeon Overview and Level Annotations

Branches:
Dungeon (10/15)            Temple (1/1) D:5            Lair (1/6) D:10
Gauntlet (1/1)
    Orc: D:9-12

Shops:
D:7 *=!**   D:9 [(

Annotations:
D:9 2 transporters, ytrimaz's ghost, novice DsFi Gauntlet 4 transporters


Innate Abilities, Weirdness & Mutations

You have an increased reservoir of magic. (+10% MP)
You shall have no god before yourself.
Your divine heritage dramatically boosts your attributes as you level up.


Message History

You shoot an arrow. The arrow hits the minotaur!
The minotaur is heavily wounded.
The minotaur hits you from afar with a +4 vampiric halberd!
The minotaur draws strength from your wounds!
Shoot: b) +1 longbow (vorpal)
Press: ? - help, Q - select action, (/) - cycle Shift-Dir - straight line, f/p - minotaur
Aim: a minotaur, wielding a +4 vampiric halberd, wearing a +0 plate armour, wearing a ring of magical power and quivering silver javelins (heavily wounded, 83% to hit)
You shoot an arrow. The arrow hits the minotaur.
The minotaur is heavily wounded.
The minotaur throws a silver javelin.
The silver javelin pierces through you!!
Shoot: b) +1 longbow (vorpal)
Press: ? - help, Q - select action, (/) - cycle Shift-Dir - straight line, f/p - minotaur
Aim: a minotaur, wielding a +4 vampiric halberd, wearing a +0 plate armour, wearing a ring of magical power and quivering silver javelins (heavily wounded, 83% to hit)
You shoot an arrow. The arrow hits the minotaur.
The minotaur is heavily wounded.
The minotaur hits you from afar with a +4 vampiric halberd!
Shoot: b) +1 longbow (vorpal)
Press: ? - help, Q - select action, (/) - cycle Shift-Dir - straight line, f/p - minotaur
Aim: a minotaur, wielding a +4 vampiric halberd, wearing a +0 plate armour, wearing a ring of magical power and quivering silver javelins (heavily wounded, 83% to hit)
You shoot an arrow. The arrow hits the minotaur!
The minotaur is severely wounded.
The minotaur throws a silver javelin.
The silver javelin barely misses you.
Shoot: b) +1 longbow (vorpal)
Press: ? - help, Q - select action, (/) - cycle Shift-Dir - straight line, f/p - minotaur
Aim: a minotaur, wielding a +4 vampiric halberd, wearing a +0 plate armour, wearing a ring of magical power and quivering silver javelins (severely wounded, 83% to hit)
You shoot an arrow. The arrow closely misses the minotaur.
The minotaur hits you from afar with a +4 vampiric halberd!
* * * LOW HITPOINT WARNING * * *
The minotaur draws strength from your wounds!
Shoot: b) +1 longbow (vorpal)
Press: ? - help, Q - select action, (/) - cycle Shift-Dir - straight line, f/p - minotaur
Aim: a minotaur, wielding a +4 vampiric halberd, wearing a +0 plate armour, wearing a ring of magical power and quivering silver javelins (heavily wounded, 83% to hit)
You shoot an arrow. The arrow hits the minotaur.
The minotaur is heavily wounded.
The minotaur hits you from afar with a +4 vampiric halberd!
* * * LOW HITPOINT WARNING * * *
You feel yourself speed up.
The minotaur hits you from afar with a +4 vampiric halberd!!
You die...

##############################
# #8##≈...............≈##8# #
####8.8.8..©.©..8.8.8####
#≈...............≈#
#####.###.###.#####
##.###.###.### #.............#
#.###.###.###.# #. #@#
............# #####H#######
... ###


You could see a minotaur.

Vanquished Creatures
  A catoblepas (Gauntlet)
  A death yak (D:10)
  A cane toad (D:10)
  3 gargoyles
  A troll (D:10)
  2 queen bees (Gauntlet)
  2 hornets
  Sigmund (D:3)
  2 wyverns
  30 yaks
  A basilisk (Lair:1)
  A wraith (D:10)
  A steam dragon (D:8)
  4 small abominations (Gauntlet)
  A water moccasin (D:9)
  4 ice beasts
  3 orc warriors
  2 black bears (D:10)
  2 sky beasts (D:7)
  An ogre (D:6)
  7 centaurs
  A kobold brigand (D:9)
  9 bullfrogs
  A necrophage (D:5)
  A scorpion (D:5)
  8 wights
  36 killer bees
  4 howler monkeys
  An electric eel (D:9)
  A jelly (D:6)
  2 orc priests
  5 hounds
  A gnoll shaman (D:7)
  Ijyb (D:3)
  Jessica (D:3)
  4 iguanas
  9 orc wizards
  6 gnolls
  10 adders
  A white imp (D:6)
  2 ufetubi (D:5)
  A worm (D:4)
  4 dart slugs
  30 orcs
  9 ball pythons
  3 endoplasms (D:1)
  3 giant cockroaches
  15 goblins
  9 hobgoblins
  5 jackals
  5 quokkas
  2 bats
  3 frilled lizards
  10 kobolds
  4 rats
278 creatures vanquished.

Vanquished Creatures (collateral kills)
  A killer bee (D:8)
1 creature vanquished.

Vanquished Creatures (others)
  8 fungi
  13 plants
21 creatures vanquished.

Grand Total: 300 creatures vanquished

Notes
Turn   | Place    | Note
-------+----------+-------------------------------------------
     0 | D:1      | avis the Demigod Ice Elementalist began the quest for the
                  | Orb.
     0 | D:1      | Reached XP level 1. HP: 14/14 MP: 5/5
   333 | D:1      | Reached XP level 2. HP: 22/22 MP: 5/7
   388 | D:1      | Reached skill level 1 in Fighting
  1315 | D:2      | Reached XP level 3. HP: 29/29 MP: 8/8
  2286 | D:3      | Noticed Ijyb
  2592 | D:2      | Learned a level 3 spell: Ozocubu's Armour
  2614 | D:3      | Killed Ijyb
  2615 | D:3      | Reached XP level 4. HP: 10/36 MP: 3/9
  3008 | D:3      | Noticed Sigmund
  3015 | D:3      | Killed Sigmund
  3016 | D:3      | Reached skill level 5 in Ice Magic
  3016 | D:3      | Reached XP level 5. HP: 32/45 MP: 7/10
  3529 | D:3      | Noticed Jessica
  3535 | D:3      | Killed Jessica
  3757 | D:3      | Reached XP level 6. HP: 29/51 MP: 11/11
  4769 | D:5      | Entered Level 5 of the Dungeon
  4970 | D:5      | Reached XP level 7. HP: 50/57 MP: 14/14
  5393 | D:5      | Found a staircase to the Ecumenical Temple.
  5402 | Temple   | Entered the Ecumenical Temple
  5499 | D:5      | Reached skill level 1 in Bows
  6044 | D:6      | Reached skill level 2 in Bows
  6321 | D:6      | Reached skill level 3 in Bows
  6550 | D:6      | Reached skill level 4 in Bows
  6555 | D:6      | Reached XP level 8. HP: 66/66 MP: 15/15
  6852 | D:6      | Reached skill level 5 in Bows
  7116 | D:7      | Found Dunn's General Store.
  7120 | D:7      | Bought a scroll of identify for 26 gold pieces
  7542 | D:7      | Reached skill level 6 in Bows
  7713 | D:7      | Found Wephoew's Jewellery Emporium.
  7762 | D:7      | Found Senuth's General Store.
  8051 | D:7      | Reached skill level 7 in Bows
  8186 | D:7      | Reached XP level 9. HP: 60/71 MP: 16/16
  8267 | D:7      | Found Inaaj's General Store.
  8362 | D:7      | Found Ceiblan's Distillery.
  8740 | D:7      | Reached skill level 8 in Bows
  8933 | D:8      | Reached skill level 9 in Bows
  9353 | D:7      | Reached skill level 10 in Bows
  9845 | D:8      | Reached XP level 10. HP: 49/78 MP: 17/17
  9858 | D:8      | Reached skill level 11 in Bows
 10332 | D:9      | Found Zyemun's Weapon Shop.
 10335 | D:9      | Bought a +1 vorpal longbow for 164 gold pieces
 10342 | D:9      | Noticed a cyclops
 10349 | D:9      | Found a transporter.
 10748 | D:9      | Found Cheibriados's Comfort Zone.
 10854 | D:9      | Reached skill level 12 in Bows
 11142 | D:9      | Noticed a wizard
 11167 | D:9      | Found a transporter.
 11382 | Temple   | Learned a level 2 spell: Wereblood
 11886 | D:9      | Noticed ytrimaz's ghost (novice DsFi)
 12052 | D:10     | Entered Level 10 of the Dungeon
 12052 | D:10     | Noticed a death yak
 12052 | D:10     | Found a staircase to the Lair.
 12166 | D:9      | Reached skill level 13 in Bows
 12614 | D:10     | Reached XP level 11. HP: 84/84 MP: 19/19
 12624 | D:10     | Killed a death yak
 13053 | D:10     | Identified the +9 trident "Ufant" {freeze, Contam +Blink
                  | Fly rPois}
 13158 | D:10     | Reached skill level 14 in Bows
 13382 | Lair:1   | Entered Level 1 of the Lair of Beasts
 13600 | Lair:1   | Found a gate leading to a gauntlet.
 13609 | Gauntlet | Entered a Gauntlet
 13609 | Gauntlet | Noticed a reaper
 13609 | Gauntlet | Found a transporter.
 13609 | Gauntlet | Found a transporter.
 13609 | Gauntlet | Found a transporter.
 13610 | Gauntlet | Found a transporter.
 13613 | Gauntlet | Found a transporter.
 13624 | Gauntlet | Found a transporter.
 13632 | Gauntlet | Found a transporter.
 13639 | Gauntlet | Found a transporter.
 13642 | Gauntlet | Noticed a catoblepas
 13645 | Gauntlet | Found a transporter.
 13667 | Gauntlet | Found a transporter.
 13672 | Gauntlet | Found a transporter.
 13749 | Gauntlet | Found a transporter.
 13884 | Gauntlet | Identified the amulet of Nipn {Spirit Str+2 Int+2}
 14084 | Gauntlet | Reached skill level 1 in Transmutations
 14097 | Gauntlet | Identified the amulet of Ituhal {RegenMP Harm Int+3}
 14134 | Gauntlet | Reached skill level 15 in Bows
 14137 | Gauntlet | Killed a catoblepas
 14377 | Gauntlet | Noticed a minotaur
 14395 | Gauntlet | Mangled by a minotaur

Illustrated notes

Levels and vault maps discovered:
D:1:      spicycebolla_arrival_xxxplode, layout_basic,
          hellmonk_ecumenical_altar_prayer_group, kennysheep_crisscross
D:2:      minmay_skewed_foursquare, layout_basic
D:3:      layout_loops_ring, cheibrodos_gnoll_hut, uniq_sigmund, uniq_jessica,
          uniq_ijyb
D:4:      kennysheep_the_goblin_king, layout_basic
D:5:      layout_loops_cross, mainiacjoe_overflow_surrounded_room,
          minmay_temple_entry_trees
D:6:      layout_gridville
D:7:      layout_gridville, serial_shops, nicolae_shop_waterfront,
          shop_fountains, shop, shop, nicolae_shop_hallway_stairs
D:8:      layout_cave_pools, gammafunk_temple_overflow_forgotten,
          enter_bailey_3, kennysheep_windowed_goal
D:9:      layout_irregular_city, gammafunk_ghost_arena, serial_bayou,
          serial_bayou_lagoon_a, serial_bayou_shore_b, serial_bayou_shore_b,
          serial_bayou_pond_a, serial_bayou_pond_a, serial_bayou_pond_b,
          serial_shops, nicolae_stop_n_shop_1, minmay_shop_chei
D:10:     layout_rooms, david_lair_generic, minmay_misc_feat_columns
Temple:   eino_narrow_crystal_temple
Lair:1:   layout_loops_ring, gauntlet_entry_generic, serial_bayou_shore_b,
          grunt_megastairs_5, infiniplex_staircase_pool_2
Gauntlet: gammafunk_gauntlet_shortcut [gammafunk_gauntlet_arena_crates,
          gammafunk_gauntlet_arena_grid, nicolae_gauntlet_swirl,
          gammafunk_gauntlet_arena_chambers, nicolae_gauntlet_arena_x,
          gammafunk_gauntlet_arena_arrow_garden, gauntlet_exit_watery]

Skill      XL: |  1  2  3  4  5  6  7  8  9 10 11 |
---------------+----------------------------------+-----
Ice Magic      | 4 5 6 7 |  7.0
Fighting       | 2 3 4 |  4.0
Spellcasting   | 2 3 |  3.0
Stealth        | 2 3 |  3.0
Dodging        | 2 3 4 |  4.0
Bows           | 4 7 10 13 15 | 15.1
Transmutations | 1 |  1.0

Action                   |  1- 3 |  4- 6 |  7- 9 | 10-12 || total
-------------------------+-------+-------+-------+-------++-------
Melee: Dagger            |    20 |       |   110 |       ||   130
       Unarmed           |     7 |       |     1 |       ||     8
       Long sword        |       |       |     5 |       ||     5
       Punch             |       |       |     2 |       ||     2
 Fire: Arbalest          |    34 |    82 |    16 |       ||   132
       Shortbow          |       |       |   233 |    18 ||   251
       Longbow           |       |       |       |   323 ||   323
 Cast: Freeze            |    45 |    20 |    78 |    16 ||   159
       Ozocubu's Armour  |     1 |    14 |    47 |    31 ||    93
  Use: Scroll            |       |       |    16 |     6 ||    22
       Potion            |       |       |     3 |     3 ||     6
 Stab: Sleeping          |     1 |       |     1 |       ||     2
Armor: Robe              |    18 |    24 |   155 |   135 ||   332
Dodge: Dodged            |    29 |    41 |   261 |   259 ||   590
Block: Buckler           |     3 |       |       |       ||     3

Table legend: (Time is in decaauts)
 A = Elapsed time spent in this place.
 B = Non-inter-level travel time spent in this place.
 C = Inter-level travel time spent in this place.
 D = Time resting spent in this place.
 E = Time spent auto-exploring this place.
 F = Levels seen in this place.
 G = Mean time per level.
                   A        B        C        D        E       F      G
               +--------+--------+--------+--------+--------+-----+--------+
         Total |  14549 |  13272 |   1277 |   4600 |   5255 |  13 | 1119.2 |
       Dungeon |  13564 |  12289 |   1275 |   4203 |   5255 |  10 | 1356.4 |
        Temple |    115 |    114 |      1 |     57 |      0 |   1 |  115.0 |
          Lair |     97 |     97 |      0 |      0 |      0 |   1 |   97.0 |
      Gauntlet |    772 |    772 |      0 |    340 |      0 |   1 |  772.0 |
               +--------+--------+--------+--------+--------+-----+--------+

Top non-repeatable levels by time:
     D:7: 2001 daAuts
     D:9: 1670 daAuts
     D:3: 1555 daAuts
     D:2: 1414 daAuts
     D:6: 1402 daAuts
     D:5: 1263 daAuts
    D:10: 1221 daAuts
     D:1: 1118 daAuts
     D:8: 998 daAuts
     D:4: 919 daAuts
Gauntlet: 772 daAuts
  Temple: 115 daAuts
  Lair:1: 97 daAuts
